 Dungeon Crawl Stone Soup version 0.31-a0-846-gb3bcc0d938 (webtiles) character file.

Game seed: 17471683487549177391

104700 night the Scorcher (level 16, -3/104 HPs)
             Began as a Tengu Fire Elementalist on Oct 3, 2023.
             Was the Champion of Ru.
             Shot with an arrow by a centaur warrior (15 damage)
             ... on level 14 of the Dungeon.
             The game lasted 01:53:00 (31790 turns).

night the Scorcher (Tengu Fire Elementalist)       Turns: 31790, Time: 01:53:00

Health: -3/104     AC: 11    Str:  8    XL:     16   Next: 39%
Magic:  27/32      EV: 36    Int: 28    God:    Ru [******]
Gold:   786        SH:  0    Dex: 15    Spells: 1/38 levels left

rFire   . . .        F - +3 scimitar (elec)
rCold   . . .        (no shield)
rNeg    . . .        a - +0 steam dragon scales
rPois   +            T - +2 hat {Will+}
rElec   .            o - +0 cloak {rPois}
rCorr   .            d - +2 pair of gloves
SInv    .            (boots unavailable)
Will    ++...        c - amulet of magic regeneration
Stlth   ++           m - +6 ring of intelligence
HPRegen 0.37/turn    O - +5 ring of evasion
MPRegen 0.63/turn

%: acrobat
@: acrobatic, flying
A: beak, talons 3, clumsy 1, inability to use devices, inability to train
armour, unskilled 2, evasive flight, acrobatic
a: Renounce Religion, Draw Out Power, Power Leap, Apocalypse


You were on level 14 of the Dungeon.
You worshipped Ru.
Ru was exalted by your worship.
You visited 4 branches of the dungeon, and saw 23 of its levels.

You collected 2059 gold pieces.
You spent 1273 gold pieces at shops.

Inventory:

Hand Weapons
 k - a +2 short sword of venom
 F - a +3 scimitar of electrocution (weapon)
Missiles
 l - 23 boomerangs
 r - 31 poisoned darts
 w - 5 stones
 G - 6 darts of dispersal
 H - a curare-tipped dart
 M - 5 javelins
 Q - 6 datura-tipped darts
 S - 4 throwing nets
Armour
 a - +0 steam dragon scales (worn)
 d - a +2 pair of gloves (worn)
 o - a +0 cloak of poison resistance (worn)
 D - a +4 ring mail
 T - a +2 hat of willpower (worn)
Jewellery
 c - an amulet of magic regeneration (around neck)
 e - a ring of protection from cold
 m - a +6 ring of intelligence (left hand)
 n - a ring of positive energy
 I - a ring of fire
 O - a +5 ring of evasion (right hand)
 P - a ring of poison resistance
 U - a +4 ring of protection
 X - a ring of willpower
Talismans
 C - a serpent talisman
Scrolls
 i - 3 scrolls of amnesia
 p - 4 scrolls of enchant armour
 t - 7 scrolls of fear
 v - 3 scrolls of noise
 y - 2 scrolls of teleportation
 z - a scroll of silence
 B - a scroll of fog
 J - 2 scrolls of immolation
 K - 4 scrolls of blinking
 N - 7 scrolls of enchant weapon
 R - 2 scrolls of brand weapon
 W - 3 scrolls of poison
Potions
 b - 2 potions of magic
 f - 9 potions of curing
 g - 4 potions of attraction
 h - 3 potions of mutation
 j - 2 potions of brilliance
 q - 2 potions of enlightenment
 s - a potion of lignification
 u - 3 potions of heal wounds
 x - 6 potions of cancellation
 A - 2 potions of resistance
 E - 5 potions of haste
 L - a potion of invisibility
 V - a potion of might
 Y - a potion of ambrosia
 Z - a potion of berserk rage


   Skills:
 + Level 13.0 Fighting
 - Level 3.3 Long Blades
 - Level 1.7 Dodging
 - Level 2.6 Stealth
 - Level 11.5 Spellcasting
 - Level 9.2 Conjurations
 + Level 15.7 Fire Magic
 - Level 4.5 Air Magic
 - Level 3.6 Poison Magic


You had one spell level left.
You knew the following spells:

 Your Spells              Type           Power      Damage    Failure   Level
a - Foxfire               Conj/Fire      100%       2x1d9     1%          1
b - Scorch                Fire           100%       2d9       0%          2
c - Ignite Poison         Fire/Tmut/Pois 51%        N/A       1%          3
d - Olgreb's Toxic Radia  Pois           36%        N/A       8%          4
e - Volatile Blastmotes   Fire/Tloc      100%       2d18      1%          3
f - Flame Wave            Conj/Fire      72%        2d16      1%          4
g - Starburst             Conj/Fire      36%        6d11      3%          6
h - Plasma Beam           Fire/Air       32%        2x1d45    9%          6
i - Ignition              Fire           40%        3d12      34%         8

Your spell library contained the following spells:

 Spells                   Type           Power      Damage    Failure   Level
 Kiss of Death            Conj/Necr      100%       2d13      1%          1
 Magic Dart               Conj           100%       1d8       1%          1
 Shock                    Conj/Air       100%       1d9       1%          1
 Apportation              Tloc           32%        N/A       3%          1
 Searing Ray              Conj           100%       2d8       1%          2
 Static Discharge         Conj/Air       100%       2-7/arc   1%          2
 Dazzling Flash           Conj/Hex       82%        N/A       1%          3
 Inner Flame              Hex/Fire       56%        N/A       1%          3
 Mephitic Cloud           Conj/Pois/Air  48%        N/A       1%          3
 Sticky Flame             Conj/Fire      72%        2d9       1%          4
 Jinxbite                 Hex            32%        N/A       5%          2
 Lesser Beckoning         Tloc           32%        N/A       5%          2
 Sublimation of Blood     Necr           16%        N/A       5%          2
 Airstrike                Air            20%        2d(3-19)  5%          4
 Fulminant Prism          Conj/Hex       20%        3d12      5%          4
 Arcjolt                  Conj/Air       26%        1d36      6%          5
 Confusing Touch          Hex            16%        N/A       11%         3
 Gell's Gravitas          Tloc           16%        N/A       11%         3
 Teleport Other           Tloc           16%        N/A       11%         3
 Summon Lightning Spire   Summ/Air       28%        N/A       14%         4
 Vhi's Electric Charge    Tloc/Air       56%        N/A       14%         4
 Irradiate                Conj/Tmut      20%        3d18      14%         5
 Dispel Undead            Necr           16%        3d10      34%         4
 Leda's Liquefaction      Hex/Erth       8%         N/A       34%         4
 Petrify                  Tmut/Erth      16%        N/A       34%         4
 Silence                  Hex/Air        14%        N/A       36%         5
 Alistair's Intoxication  Tmut/Pois      17%        N/A       41%         5
 Bombard                  Conj/Erth      20%        9d4       63%         6
 Agony                    Necr           16%        N/A       67%         5
 Lee's Rapid Deconstruct  Erth           8%         3d7*      67%         5
 Summon Forest            Summ/Tloc      8%         N/A       67%         5
 Summon Mana Viper        Hex/Summ       16%        N/A       67%         5
 Summon Cactus Giant      Summ           8%         N/A       99%         6
 Malign Gateway           Summ/Tloc      8%         N/A       100%        7
 Discord                  Hex            8%         N/A       100%        8
 Maxwell's Capacitive Co  Air            20%        ∞         100%        8
 Chain Lightning          Conj/Air       26%        3d35      100%        9


Dungeon Overview and Level Annotations

Branches:
Dungeon (15/15)            Temple (1/1) D:5            Lair (5/5) D:9
  Swamp (0/4) Lair:2       Spider (0/4) Lair:2        Slime (0/5) Lair:5
    Orc (2/2) D:12            Elf (0/3) Orc:2        Vaults (0/5) D:13
 Depths: D:15

Altars:
Ashenzari
Cheibriados
Dithmenos
Elyvilon
Fedhas
Gozag
Hepliaklqana
Kikubaaqudgha
Makhleb
Nemelex Xobeh
Okawaru
Qazlal
Ru
Sif Muna
Trog
Uskayaw
Vehumet
Wu Jian
Xom
Yredelemnul
Zin
The Shining One
Jiyva

Shops:
D:9 *   D:11 *   D:12 [   Orc:2 [?*:==::*

Annotations:
D:8 Gastronok
Lair:4 3 runed translucent doors, Kely's ghost, journeyman OpSh


Innate Abilities, Weirdness & Mutations

You have a beak for a mouth.
You have claws for feet.
You are clumsy. (Dex -2)
You cannot study or use magical devices.
You cannot train Armour skill.
You are unskilled. (-2 Apt)
Your magical flight helps you evade attacks. (EV +4)
You can magically evade attacks while moving or waiting.


Message History

Things that are here:
a +1 plate armour of positive energy; a +0 great mace; a human skeleton
Things that are here:
a +2 heavy battleaxe; a +0 scale mail; a tengu corpse
Items here: )) [[.
Items here: )) [[.
Found a stone staircase leading up.
Found a wand of charming (7).
A wizard comes into view. It is wielding a +0 dagger.
Casting: Olgreb's Toxic Radiance (dangerous; 8% risk of failure)
Confirm with . or Enter, or press ? or * to list all spells.
You begin to radiate toxic energy.
The wizard shouts!
The wizard is poisoned.
The wizard looks even sicker.
A centaur warrior comes into view.
The wizard points at you and mumbles some strange words.
The fireball explodes!
The fireball engulfs you!!
The centaur warrior shouts!
Unknown command.
The wizard looks even sicker.
The centaur warrior is poisoned.
Your toxic aura wanes.
The centaur warrior is stunned by your conviction and fails to attack.
The wizard gestures at you while chanting.
The fireball explodes!
The fireball engulfs you!!
Casting: Olgreb's Toxic Radiance (dangerous; 8% risk of failure)
Confirm with . or Enter, or press ? or * to list all spells.
You ignite the poison in your surroundings!
The centaur warrior seems to burn from within!
The centaur warrior is moderately wounded.
The wizard seems to burn from within!!
The wizard is almost dead.
The centaur warrior wields a +0 orcbow.
The centaur warrior shoots an arrow.
The arrow hits you! The wizard casts a spell at you.
The fireball explodes!
The fireball engulfs you!!!
* * * LOW HITPOINT WARNING * * *
Unknown command.
The centaur warrior shoots an arrow.
The arrow completely misses you.
The centaur warrior shoots an arrow.
The arrow hits you!
You die...

###################
#.................#
#...............#
#.............@.#
##.##############.......
#..# #.# #..c...
######.## #.# #.....
.......# #.# ....#
.#####.# #.# ...# .#
#.## #.# p.# .# #..# #.#
#.# .# #..####


You could see a centaur warrior.

Vanquished Creatures
  Jorgrun (Orc:1)
  A tengu reaver (D:14)
  A frost giant (D:14)
  3 orc warlords
  2 ettins
  Snorg (D:10)
  5 hydras
  A ghost crab (Lair:2)
  9 vault guards
  Erolcha (Orc:1)
  12 centaur warriors
  Erica (D:8)
  A merfolk avatar (Lair:5)
  4 two-headed ogres
  8 boulder beetles
  A tengu warrior (D:13)
  A deep troll earth mage (D:14)
  3 orc high priests (Orc:2)
  Nergalle (Lair:2)
  A fire crab (Lair:5)
  3 skysharks (Lair:5)
  5 skeletal warriors (D:13)
  A deep elf archer (D:13)
  A sea snake (Lair:5)
  2 harpies (Lair:5)
  6 orc knights (Orc:2)
  Pikel (D:5)
  4 lindwurms (Lair:5)
  5 orc sorcerers (Orc:2)
  3 deep elf pyromancers (D:13)
  8 ugly things
  11 manticores
  Maurice (D:8)
  8 cyclopes
  6 elephants
  A torpor snail (Lair:4)
  8 black mambas
  An elephant (shapeshifter) (D:13)
  2 gargoyles
  5 cane toads
  3 unseen horrors
  Jeremiah (D:7)
  A cane toad (shapeshifter) (D:13)
  4 rime drakes (Lair:5)
  A freezing wraith (D:13)
  10 komodo dragons
  A tengu conjurer (D:13)
  4 trolls
  A meliai (D:13)
  3 polar bears
  2 wind drakes (Lair:5)
  Prince Ribbit (D:8)
  Grinder (D:5)
  13 blink frogs
  9 dream sheep
  3 slime creatures
  A snapping turtle (Lair:5)
  2 jumping spiders (Lair:2)
  A vampire (D:11)
  2 shadows
  Sigmund (D:2)
  3 wraiths
  3 wyverns
  43 yaks
  3 steam dragons
  A redback (shapeshifter) (D:13)
  3 basilisks
  15 vampire mosquitoes
  Menkaure (D:4)
  5 acid dragons
  5 wargs
  13 water moccasins
  An ice beast (D:5)
  3 black bears
  A meliai simulacrum (D:13)
  35 orc warriors
  2 sky beasts
  5 ogres
  11 wolves
  A spectral rime drake (Lair:2)
  4 lemures (D:5)
  16 centaurs
  A phantom (D:4)
  10 bullfrogs
  2 gnoll sergeants (D:10)
  3 kobold brigands
  2 spectral water moccasins (Lair:2)
  2 scorpions
  2 wights (D:8)
  4 electric eels
  15 howler monkeys
  7 jellies
  17 orc priests
  5 hounds
  Crazy Yiuf (D:2)
  3 sleepcaps
  2 gnoll boudas
  3 iguanas
  28 orc wizards
  27 gnolls
  6 adders
  An ufetubus (D:6)
  A worm (D:4)
  5 dart slugs
  63 orcs
  3 endoplasms
  3 giant cockroaches
  6 goblins
  6 hobgoblins
  6 jackals
  15 kobolds
  A quokka (D:4)
  7 ball pythons
  5 bats
  A frilled lizard (D:3)
  8 rats
650 creatures vanquished.

Vanquished Creatures (others)
  A centaur warrior (D:13)
  An elephant (Lair:5)
  A black mamba (Lair:5)
  A yak (Lair:1)
  A centaur (D:13)
  A bullfrog (Lair:2)
  An orc wizard (D:10)
  189 foxfires
196 creatures vanquished.

Grand Total: 846 creatures vanquished

Notes
Turn   | Place    | Note
-------+----------+-------------------------------------------
     0 | D:1      | night the Tengu Fire Elementalist began the quest for the
                  | Orb.
     0 | D:1      | Reached XP level 1. HP: 10/10 MP: 4/4
   112 | D:1      | Reached XP level 2. HP: 16/16 MP: 0/6
   230 | D:1      | Learned a level 2 spell: Scorch
   336 | D:1      | Reached skill level 2 in Conjurations
  1085 | D:2      | Reached skill level 1 in Fighting
  1085 | D:2      | Reached XP level 3. HP: 20/20 MP: 3/7
  1507 | D:2      | Reached XP level 4. HP: 17/25 MP: 2/8
  1716 | D:2      | Noticed Sigmund
  1723 | D:2      | Killed Sigmund
  1724 | D:2      | Reached skill level 2 in Fighting
  1724 | D:2      | Reached skill level 4 in Fire Magic
  1724 | D:2      | Reached XP level 5. HP: 8/31 MP: 1/10
  1932 | D:2      | Found a runed translucent door.
  1933 | D:2      | Noticed Crazy Yiuf
  1943 | D:2      | Learned a level 3 spell: Volatile Blastmotes
  1962 | D:2      | Killed Crazy Yiuf
  1963 | D:2      | Reached XP level 6. HP: 36/36 MP: 3/11
  2247 | D:3      | HP: 5/36 [something (2)]
  2371 | D:3      | Learned a level 4 spell: Flame Wave
  2825 | D:3      | Reached skill level 5 in Fire Magic
  2825 | D:3      | Gained mutation: Your magical flight helps you evade
                  | attacks. (EV +4) [Tengu growth]
  2825 | D:3      | Reached XP level 7. HP: 39/41 MP: 9/13
  3320 | D:4      | Reached skill level 5 in Conjurations
  3372 | D:4      | Found a basalt altar of Yredelemnul.
  3374 | D:4      | Found an iron altar of Okawaru.
  3842 | D:4      | Noticed Menkaure
  3849 | D:4      | Killed Menkaure
  3850 | D:4      | Reached XP level 8. HP: 21/48 MP: 6/15
  4012 | D:4      | Identified the +1 robe of Kuju {+Blink}
  4422 | D:5      | Entered Level 5 of the Dungeon
  4448 | D:5      | Reached skill level 6 in Fire Magic
  4587 | D:5      | Noticed Pikel
  4653 | D:5      | Found a staircase to the Ecumenical Temple.
  4664 | Temple   | Entered the Ecumenical Temple
  4679 | Temple   | Became a worshipper of Ru the Awakened
  4932 | D:5      | Got a thrumming book
  4962 | D:5      | Reached skill level 5 in Spellcasting
  5323 | D:5      | Killed Pikel
  5324 | D:5      | Reached skill level 5 in Fighting
  5324 | D:5      | Reached XP level 9. HP: 47/54 MP: 12/18
  5428 | D:5      | Noticed Grinder
  5436 | D:5      | Killed Grinder
  5437 | D:5      | Reached skill level 7 in Fire Magic
  5459 | D:5      | Gained mutation: You are somewhat unskilled. (-1 Apt) [Ru
                  | sacrifice]
  5459 | D:5      | Reduced skill Stealth to level 1
  5459 | D:5      | Reduced skill Fire Magic to level 6
  5459 | D:5      | Reached * piety under Ru
  7003 | D:7      | Reached skill level 7 in Fire Magic
  7027 | D:7      | Found an ornate altar of the Wu Jian Council.
  7027 | D:7      | Found an ancient bone altar of Kikubaaqudgha.
  7035 | D:7      | Found a glowing silver altar of Zin.
  7037 | D:7      | Found an opulent altar of Gozag.
  7039 | D:7      | Found a radiant altar of Vehumet.
  7095 | D:7      | Noticed Jeremiah
  7147 | D:7      | Killed Jeremiah
  7682 | D:7      | Reached XP level 10. HP: 60/60 MP: 13/20
  8395 | D:7      | Gained mutation: You cannot study or use magical devices.
                  | [Ru sacrifice]
  8395 | D:7      | Reached ** piety under Ru
  8395 | D:7      | Reached *** piety under Ru
  8717 | D:8      | Noticed Maurice
  8729 | D:8      | Killed Maurice
  8730 | D:8      | Reached skill level 8 in Fire Magic
  8832 | D:8      | Found a white marble altar of Elyvilon.
  8835 | D:8      | Noticed Erica
  8872 | D:8      | Killed Erica
  9192 | D:8      | Noticed Gastronok
  9562 | D:8      | Noticed Prince Ribbit
  9576 | D:8      | Killed Prince Ribbit
 10062 | D:9      | Found a blossoming altar of Fedhas.
 10319 | D:9      | Reached XP level 11. HP: 61/67 MP: 15/22
 10405 | D:9      | Found a staircase to the Lair.
 10433 | D:9      | Reached skill level 10 in Conjurations
 10746 | D:9      | Found Caliwomaci's Mayhem Merchandise.
 11110 | D:9      | Learned a level 4 spell: Olgreb's Toxic Radiance
 11114 | D:9      | Learned a level 3 spell: Ignite Poison
 11176 | D:10     | Entered Level 10 of the Dungeon
 11286 | D:9      | Bought a book of Fire for 448 gold pieces
 11293 | D:9      | Learned a level 6 spell: Starburst
 11404 | D:10     | Reached skill level 1 in Air Magic
 11404 | D:10     | Reached skill level 1 in Poison Magic
 11649 | D:10     | Noticed Snorg
 11664 | D:10     | Reached skill level 2 in Air Magic
 11673 | D:10     | Killed Snorg
 11674 | D:10     | Reached skill level 2 in Poison Magic
 11897 | D:10     | Gained mutation: You cannot train Armour skill. [Ru
                  | sacrifice]
 11897 | D:10     | Reached **** piety under Ru
 11897 | D:10     | Reached ***** piety under Ru
 12255 | Lair:1   | Entered Level 1 of the Lair of Beasts
 12319 | Lair:1   | Reached skill level 9 in Fire Magic
 12367 | Lair:1   | Noticed a boulder beetle
 12373 | Lair:1   | Killed a boulder beetle
 12374 | Lair:1   | Reached skill level 1 in Long Blades
 12839 | Lair:1   | Reached skill level 2 in Long Blades
 13123 | Lair:1   | Reached skill level 10 in Fire Magic
 13123 | Lair:1   | Reached XP level 12. HP: 34/73 MP: 1/24
 14141 | Lair:2   | Found a hole to the Spider Nest.
 14200 | Lair:2   | Noticed a seven-headed hydra
 14414 | Lair:2   | Noticed Nergalle
 14426 | Lair:2   | Killed Nergalle
 14749 | Lair:2   | Noticed a ghost crab
 14826 | Lair:2   | Killed a ghost crab
 14827 | Lair:2   | Reached skill level 2 in Stealth
 14995 | Lair:2   | Found a staircase to the Swamp.
 15257 | Lair:2   | Killed a seven-headed hydra
 15460 | Lair:3   | Reached skill level 5 in Air Magic
 15544 | Lair:3   | Reached skill level 11 in Fire Magic
 16246 | Lair:3   | Noticed a boulder beetle
 16254 | Lair:3   | Killed a boulder beetle
 16360 | Lair:3   | Reached XP level 13. HP: 78/79 MP: 19/27
 16827 | Lair:4   | Reached skill level 12 in Fire Magic
 17037 | Lair:4   | Learned a level 6 spell: Plasma Beam
 17153 | Lair:4   | Found a runed translucent gate.
 17154 | Lair:4   | Found a runed translucent gate.
 17155 | Lair:4   | Found a runed translucent gate.
 17155 | Lair:4   | Noticed Kely's ghost (journeyman OpSh)
 18352 | Lair:5   | Entered Level 5 of the Lair of Beasts
 18355 | Lair:5   | Reached skill level 10 in Spellcasting
 19259 | Lair:5   | Reached skill level 13 in Fire Magic
 19432 | Lair:5   | HP: 2/80 [rime drake/icy flash freeze (23)]
 20171 | Lair:5   | Identified the +14 crystal plate armour of Iphuit {*Slow
                  | Will++ MP+9 Int+3}
 20329 | Lair:5   | Reached XP level 14. HP: 87/87 MP: 14/29
 20330 | Lair:5   | Reached skill level 10 in Fighting
 21101 | Lair:5   | Found a viscous altar of Jiyva.
 21102 | Lair:5   | Found a staircase to the Slime Pits.
 21866 | D:11     | Found Fualas's General Store.
 23249 | D:11     | Reached skill level 14 in Fire Magic
 23565 | D:12     | Found Jeeropt's Armour Shop.
 23872 | D:12     | You are sucked into a shaft and drop 3 floors!
 23872 | D:15     | Entered Level 15 of the Dungeon
 24449 | D:12     | Found a staircase to the Orcish Mines.
 24634 | Orc:1    | Entered Level 1 of the Orcish Mines
 24897 | Orc:2    | Entered Level 2 of the Orcish Mines
 25069 | Orc:2    | Found Ifeatuck's Magic Scroll Boutique.
 25071 | Orc:2    | Found Feur's General Store.
 25073 | Orc:2    | Found a staircase to the Elven Halls.
 25077 | Orc:2    | Bought a scroll of identify for 20 gold pieces
 25188 | Orc:2    | Found Plog's Antique Armour Shop.
 25270 | Orc:1    | Noticed Erolcha
 25275 | Orc:1    | Killed Erolcha
 25277 | Orc:1    | Noticed Jorgrun
 25407 | Orc:1    | Noticed an orc warlord
 25418 | Orc:1    | HP: 5/90 [Jorgrun/iron shot (23)]
 25419 | Orc:1    | Killed an orc warlord
 25424 | Orc:1    | Killed Jorgrun
 25696 | Orc:1    | Found a shimmering altar of Xom.
 25810 | Orc:2    | Found Mitia's Book Shoppe.
 26146 | Orc:2    | Found Wuheig's Jewellery Emporium.
 26188 | Orc:2    | Reached skill level 12 in Spellcasting
 26415 | Orc:2    | Noticed an orc warlord
 26422 | Orc:2    | Reached XP level 15. HP: 82/95 MP: 17/32
 26463 | Orc:2    | Killed an orc warlord
 26664 | Orc:2    | Gained mutation: You are clumsy. (Dex -2) [Ru sacrifice]
 26831 | Orc:2    | Learned a level 8 spell: Ignition
 26855 | Orc:2    | Identified the amulet of Ziadukad {Acrobat Int+2}
 27387 | Orc:2    | Noticed an orc warlord
 27395 | Orc:2    | Killed an orc warlord
 27396 | Orc:2    | Reached skill level 15 in Fire Magic
 27815 | Orc:2    | Found Xirop's General Store.
 27916 | Orc:2    | Got a leatherbound book
 27946 | Orc:2    | Got a dusty book
 27947 | Orc:2    | Identified the +0 ring mail of Hopscotch {Will+ rCorr}
 28062 | Orc:2    | Reached skill level 12 in Fighting
 28213 | Orc:2    | Found Caibbaett's Jewellery Emporium.
 28218 | Orc:2    | Found Kuar's Book Boutique.
 28225 | Orc:2    | Found Tadum's Book Boutique.
 28355 | Orc:2    | Bought an ichor-stained leather armour for 231 gold pieces
 28355 | Orc:2    | Identified the +1 leather armour "Jykah" {Will- Str+2
                  | Dex+6} (You bought it in a shop on level 2 of the Orcish
                  | Mines)
 28425 | Orc:2    | Bought a +2 tower shield for 214 gold pieces
 28699 | D:13     | Found a gate to the Vaults.
 28914 | Orc:2    | Bought an amulet of magic regeneration for 360 gold pieces
 29913 | D:13     | Reached skill level 16 in Fire Magic
 30085 | D:13     | Gained mutation: You are unskilled. (-2 Apt) [Ru sacrifice]
 30085 | D:13     | Reduced skill Fighting to level 12
 30085 | D:13     | Reduced skill Dodging to level 1
 30085 | D:13     | Reduced skill Stealth to level 2
 30085 | D:13     | Reduced skill Fire Magic to level 14
 30085 | D:13     | Reached ****** piety under Ru
 30372 | D:13     | Identified the staff "Zejuuxo Koqy" {rC+ Will+ Str+3 Earth}
 30374 | D:13     | Reached skill level 15 in Fire Magic
 30392 | D:13     | Reached XP level 16. HP: 89/101 MP: 12/32
 30472 | D:13     | Identified the staff "Vuckeej" {rElec rF+ Air}
 31623 | D:14     | Noticed a tengu reaver
 31626 | D:14     | Killed a tengu reaver
 31789 | D:14     | HP: 12/104 [wizard/fireball (43)]
 31790 | D:14     | Shot with an arrow by a centaur warrior

Illustrated notes

Levels and vault maps discovered:
D:1:      kennysheep_arrival_seaside, layout_basic, serial_aquarium,
          aquarium_bridge_square [aquarium_subvault_bridge,
          aquarium_subvault_bridge, aquarium_subvault_balcony,
          aquarium_subvault_wall], aquarium_window_1, aquarium_window_3,
          aquarium_window_1, aquarium_view_2d, aquarium_view_2b,
          aquarium_pool_corner
D:2:      layout_basic, uniq_sigmund, uniq_crazy_yiuf_cottage
D:3:      layout_loops_ring, serial_forest, infiniplex_forest_clump_tiny,
          infiniplex_forest_end_2, infiniplex_forest_straight_3,
          infiniplex_forest_lined_ring, minmay_misc_feat_enclosed
D:4:      layout_cave_pods, mainiacjoe_overflow_divided_tiny, uniq_menkaure
D:5:      layout_gridville, minmay_temple_entry_glassed_door, uniq_pikel,
          uniq_grinder
D:6:      layout_basic
D:7:      layout_gridville, chequers_temple_overflow_minitemple, uniq_jeremiah
D:8:      layout_basic, mainiacjoe_overflow_cross_hatched, nicolae_water_bricks,
          serial_bayou_pond_c, uniq_prince_ribbit1, uniq_gastronok, uniq_erica,
          uniq_maurice
D:9:      layout_stronghold, mainiacjoe_overflow_brackets, lair_entry_dummy,
          enter_bailey_8, minmay_shop_mayhem
D:10:     layout_basic, uniq_snorg
D:11:     layout_irregular_city, kennysheep_small_circle
D:12:     layout_cave_pools, orc_0_dummy, serial_shops, shop
D:13:     minmay_the_grid_square_5x5_4x4
          [minmay_the_grid_square_5x5_hollow_slash,
          minmay_the_grid_square_5x5_two_walls_b,
          minmay_the_grid_square_5x5_beaten_path,
          minmay_the_grid_square_5x5_plus, minmay_the_grid_square_5x5_inner_z,
          minmay_the_grid_square_5x5_prize_open,
          minmay_the_grid_square_5x5_prize_deathbox,
          minmay_the_grid_square_5x5_bracketed,
          minmay_the_grid_square_5x5_pentomino_r,
          minmay_the_grid_square_5x5_prize_waves,
          minmay_the_grid_square_5x5_prize_monsterx,
          minmay_the_grid_square_5x5_z, minmay_the_grid_square_5x5_broken_cross,
          minmay_the_grid_square_5x5_v, minmay_the_grid_square_5x5_empty,
          minmay_the_grid_square_5x5_inset], layout_rooms,
          lightli_vaults_fourway_checkpoint, minivault_12
D:14:     minmay_guarded_unrand_sword_of_power, layout_cave_pools,
          serial_co_window_serial, co_window_cross_1, co_window_paths_a,
          co_window_of_opportunity_a, co_window_paths_b, co_window_paths_b,
          co_window_of_opportunity_a, co_window_paths_b, co_window_corner_b,
          co_window_of_opportunity_c, co_window_broadway_a,
          co_window_broadway_a, co_window_2corner, co_window_cross_2,
          co_window_paths_c, co_window_paths_d, glass_columns_b
D:15:     gammafunk_depths_entry_grave, layout_stronghold,
          nicolae_gozag_cash_rules_everything_around_me, amethyst_killhole,
          nicolae_hepliaklqana_monster_ancestors, uniq_josephine
Temple:   oiseaux_autumnal_temple
Lair:1:   layout_regular_city, grunt_megastairs_2
Lair:2:   layout_loops_ring, nicolae_swamp_entry_spooky, spider_nest_entry_a,
          uniq_nergalle
Lair:3:   layout_loops_ring, serial_bayou_shore_b
Lair:4:   layout_small_grid, gammafunk_ghost_hydra_chop
Lair:5:   gammafunk_lair_ancient_temple, layout_layer_cave,
          minmay_slime_entry_pillars, chequers_serial_rivers_marsh,
          minmay_lindwurm_lava, serial_bayou_shore_a, uniq_kirke
Orc:1:    layout_caves, basic_altar, uniq_jorgrun, uniq_erolcha
Orc:2:    st_orc_elflike, layout_caves, serial_shops,
          nicolae_shop_advertising_works [nicolae_subvault_shop_adworks], shop,
          shop, shop, nicolae_shop_back_alley_shop, minmay_orc_treasury

Skill      XL: |  1  2  3  4  5  6  7  8  9 10 11 12 13 14 15 16 |
---------------+-------------------------------------------------+-----
Conjurations   | 2 3 4 5 7 8 9 10 9 |  9.2
Fighting       | 1 2 3 4 5 6 7 8 9 11 12 13 | 13.0
Spellcasting   | 3 4 5 6 7 9 10 12 11 | 11.5
Fire Magic     | 4 5 6 7 8 10 11 13 14 15 | 15.7
Stealth        | 1 3 2 |  2.6
Air Magic      | 4 5 4 |  4.5
Poison Magic   | 4 3 |  3.6
Long Blades    | 2 3 |  3.3
Dodging        | 1 |  1.7

Action                     |  1- 3 |  4- 6 |  7- 9 | 10-12 | 13-15 | 16-18 || total
---------------------------+-------+-------+-------+-------+-------+-------++-------
  Melee: Unarmed           |     2 |       |       |       |       |       ||     2
         Kick              |     6 |    18 |    84 |   102 |   124 |     7 ||   341
         Short sword       |    11 |    43 |   193 |   256 |   128 |       ||   631
         Peck              |       |     7 |    47 |    64 |    68 |     1 ||   187
         Punch             |       |       |     6 |     8 |     2 |       ||    16
         Scimitar          |       |       |       |       |   133 |    15 ||   148
   Cast: Foxfire           |    28 |    19 |    29 |    25 |     8 |       ||   109
         Scorch            |     6 |    11 |    28 |    38 |    44 |       ||   127
         Volatile Blastmot |       |     1 |    10 |    27 |     4 |       ||    42
         Flame Wave        |       |     1 |    12 |    13 |       |     1 ||    27
         Ignite Poison     |       |       |       |    34 |   102 |     5 ||   141
         Olgreb's Toxic Ra |       |       |       |    31 |   120 |     5 ||   156
         Starburst         |       |       |       |    19 |    44 |     1 ||    64
         Plasma Beam       |       |       |       |       |    67 |    57 ||   124
         Ignition          |       |       |       |       |     2 |       ||     2
 Invoke: Sacrifice Skill   |       |       |     1 |       |     1 |       ||     2
         Draw Out Power    |       |       |       |     1 |     2 |       ||     3
         Sacrifice Artific |       |       |       |     1 |       |       ||     1
         Sacrifice Durabil |       |       |       |     1 |       |       ||     1
         Reject Sacrifices |       |       |       |     1 |     1 |       ||     2
         Power Leap        |       |       |       |       |     1 |       ||     1
         Apocalypse        |       |       |       |       |     1 |       ||     1
         Sacrifice Purity  |       |       |       |       |     1 |       ||     1
  Evoke: Wand              |       |       |     1 |       |       |       ||     1
    Use: Scroll            |       |     5 |    11 |     9 |     7 |     1 ||    33
         Potion            |       |       |       |       |     2 |       ||     2
   Stab: Sleeping          |       |       |     4 |     3 |     2 |       ||     9
         Distracted        |       |       |     1 |     1 |       |       ||     2
         Invisible         |       |       |       |     3 |     1 |       ||     4
         Paralysed         |       |       |       |       |     1 |       ||     1
 Armour: Robe              |    11 |    24 |    76 |    24 |       |       ||   135
         Steam dragon scal |       |       |       |   142 |   211 |    21 ||   374
  Dodge: Dodged            |    17 |    35 |   161 |   343 |   405 |    42 ||  1003

Table legend: (Time is in decaauts)
 A = Elapsed time spent in this place.
 B = Non-inter-level travel time spent in this place.
 C = Inter-level travel time spent in this place.
 D = Time resting spent in this place.
 E = Time spent auto-exploring this place.
 F = Levels seen in this place.
 G = Mean time per level.
                   A        B        C        D        E       F      G
               +--------+--------+--------+--------+--------+-----+--------+
         Total |  31825 |  30493 |   1332 |   9183 |  16414 |  23 | 1383.7 |
       Dungeon |  18225 |  17611 |    614 |   4754 |  10010 |  15 | 1215.0 |
        Temple |     30 |      1 |     29 |      0 |      0 |   1 |   30.0 |
          Lair |   9562 |   9212 |    350 |   2839 |   5117 |   5 | 1912.4 |
  Orcish Mines |   4006 |   3668 |    338 |   1590 |   1287 |   2 | 2003.0 |
               +--------+--------+--------+--------+--------+-----+--------+

Top non-repeatable levels by time:
   Orc:2: 3242 daAuts
  Lair:5: 2708 daAuts
  Lair:4: 2208 daAuts
     D:7: 1934 daAuts
  Lair:2: 1757 daAuts
    D:13: 1739 daAuts
    D:12: 1738 daAuts
    D:11: 1570 daAuts
  Lair:1: 1501 daAuts
     D:9: 1411 daAuts
  Lair:3: 1387 daAuts
     D:6: 1339 daAuts
    D:10: 1203 daAuts
     D:4: 1198 daAuts
     D:2: 1116 daAuts
